Map: Lightshade LE

Players

PiLiPiLi

  • Race: Protoss Protoss
  • League: Grandmaster
  • Spawn Location: 11:00

DisK - Winner!

  • Race: Protoss Protoss
  • Spawn Location: 5:00

Event: DreamHack SC2 Masters 2020 Winter

VOD

Have the link to the VOD?

Description

Time

  • Played on: Oct. 31, 2020, 3:19 p.m.
  • Length: 8:47

All games in this series

Show
View Real Time Build Order
Export as new Build Order

PiLiPiLi Protoss 

Build Orders:  

Get SALT Encoding   

  12  0:00  Probe  
  13  0:12  Probe  
  14  0:17  Pylon  
  14  0:24  Probe  
  15  0:37  Probe (Chrono Boost)  
  15  0:40  Gateway  
  16  0:46  Probe (Chrono Boost)  
  16  0:48  Assimilator  
  17  0:51  Probe (Chrono Boost)  
  17  0:57  Assimilator  
  18  1:03  Probe (Chrono Boost)  
  19  1:08  Gateway  
  19  1:15  Probe (Chrono Boost)  
  20  1:22  Probe (Chrono Boost)  
  21  1:27  Cybernetics Core  
  21  1:29  Probe  
  22  1:36  Pylon  
  22  1:41  Probe  
  23  1:54  Probe  
  24  2:01  Warp Gate (Chrono Boost)  
  24  2:03  Adept x2  
  28  2:10  Pylon  
  28  2:14  Probe  
  28  2:33  Adept x2  
  32  2:43  Nexus  
  32  2:46  Probe  
  33  3:03  Adept, Shield Battery  
  33  3:05  Adept  
  37  3:14  Pylon  
  37  3:20  Probe  
  37  3:27  Robotics Facility  
  38  3:34  Shield Battery  
  38  3:42  Adept  
  38  3:43  Adept  
  38  3:48  Probe  
  43  3:59  Probe  
  36  4:19  Stalker x2  
  36  4:20  Immortal (Chrono Boost)  
  36  4:23  Shield Battery  
  40  4:29  Probe  
  40  4:31  Probe  
  40  4:42  Probe  
  40  4:45  Stalker  
  44  4:47  Stalker  
  44  5:03  Immortal (Chrono Boost)  
  46  5:12  Probe x2  
  48  5:18  Sentry x2  
  52  5:24  Probe x2  
  52  5:36  Probe x2  
  52  5:41  Stalker  
  52  5:42  Stalker, Warp Prism (Chrono Boost)  
  54  5:49  Probe  
  55  5:55  Probe  
  56  6:01  Probe  
  57  6:05  Gateway  
  57  6:07  Gateway  
  57  6:13  Sentry  
  57  6:14  Sentry  
  61  6:19  Probe  
  61  6:25  Pylon  
  62  6:26  Pylon  
  62  6:32  Gateway  
  62  6:43  Observer, Probe x2  
  62  6:44  Adept x2  
  63  7:03  Adept x2, Immortal (Chrono Boost)  
  63  7:04  Adept x2  
  73  7:23  Probe x2  
  73  7:27  Robotics Bay  
  73  7:29  Twilight Council  
  75  7:30  Assimilator x2  
  65  7:54  Probe  
  65  7:55  Probe  
  57  8:05  Stalker x2  
  61  8:06  Stalker, Probe  
  61  8:12  Stalker x2  
  64  8:16  Probe  
  64  8:17  Disruptor (Chrono Boost)  
  64  8:18  Probe  
  66  8:22  Shield Battery  
  66  8:26  Shield Battery  
  67  8:29  Adept x3  
  63  8:42  Adept x2  
Show
View Real Time Build Order
Export as new Build Order

DisK Protoss - Winner!

Build Orders:  

Get SALT Encoding   

  12  0:00  Probe  
  13  0:12  Probe  
  14  0:17  Pylon  
  14  0:24  Probe  
  15  0:35  Gateway  
  15  0:36  Probe (Chrono Boost)  
  16  0:45  Probe (Chrono Boost)  
  16  0:46  Assimilator  
  17  0:50  Probe (Chrono Boost)  
  17  0:55  Assimilator  
  18  1:03  Probe (Chrono Boost)  
  19  1:06  Gateway  
  19  1:13  Probe (Chrono Boost)  
  19  1:18  Probe (Chrono Boost)  
  20  1:23  Cybernetics Core  
  21  1:29  Probe  
  22  1:34  Pylon  
  22  1:41  Probe  
  23  1:53  Probe  
  24  1:57  Warp Gate (Chrono Boost)  
  24  2:00  Stalker x2  
  28  2:07  Probe  
  29  2:10  Pylon  
  29  2:20  Pylon  
  29  2:30  Stalker  
  31  2:39  Stalker  
  33  2:46  Shield Battery  
  33  2:49  Probe  
  34  3:00  Stalker  
  34  3:03  Pylon  
  36  3:06  Probe  
  36  3:09  Stalker  
  39  3:34  Nexus  
  39  3:45  Gateway  
  39  3:49  Stalker  
  39  3:51  Stalker  
  41  4:13  Probe  
  40  4:23  Robotics Facility  
  40  4:24  Stalker x2  
  40  4:27  Probe  
  41  4:32  Forge  
  41  4:39  Probe  
  42  4:47  Shield Battery  
  42  4:49  Probe  
  42  4:51  Probe  
  42  4:52  Shield Battery  
  44  5:01  Probe  
  44  5:03  Probe  
  44  5:06  Adept  
  44  5:07  Adept  
  45  5:13  Probe (Chrono Boost)  
  46  5:15  Probe (Chrono Boost)  
  46  5:18  Shield Battery  
  47  5:25  Probe (Chrono Boost)  
  48  5:32  Probe (Chrono Boost)  
  48  5:36  Probe (Chrono Boost)  
  49  5:43  Probe  
  49  5:49  Sentry  
  50  5:50  Sentry  
  50  5:52  Probe  
  53  5:58  Immortal (Chrono Boost)  
  53  6:00  Probe  
  53  6:01  Protoss Ground Weapons Level 1  
  53  6:04  Pylon, Probe  
  58  6:06  Assimilator  
  58  6:10  Gateway  
  59  6:11  Gateway  
  59  6:12  Pylon  
  59  6:13  Pylon  
  59  6:19  Shield Battery  
  59  6:22  Stalker  
  61  6:28  Warp Prism (Chrono Boost)  
  61  6:30  Sentry  
  65  6:40  Probe  
  66  6:50  Stalker, Pylon  
  68  6:57  Stalker  
  70  7:04  Immortal  
  70  7:06  Stalker x2  
  70  7:08  Pylon  
  78  7:17  Gateway  
  78  7:24  Gateway  
  78  7:26  Stalker x2  
  82  7:36  Twilight Council  
  74  7:50  Probe x2  
  70  7:58  Stalker x3  
  72  8:02  Probe x2 (Chrono Boost)  
  76  8:13  Assimilator, Probe x2 (Chrono Boost)  
  76  8:23  Adept x5  
  86  8:27  Sentry  
Tags
 
Add a new tag
Caveats
  • Supply blocks, unpowered buildings, or Contaminate may cause inaccurate times.
  • Supply counts are checked every 10 seconds.